 Dungeon Crawl Stone Soup version 0.17.1-1-g73c8601 (webtiles) character file.

161 JustSomeDude the Insei (level 5, -3/42 HPs)
             Began as a Demonspawn Monk on Dec 25, 2015.
             Slain by Grinder (5 damage)
             ... while paralysed by Grinder
             ... on level 3 of the Dungeon.
             The game lasted 00:06:11 (2573 turns).

JustSomeDude the Insei (Demonspawn Monk)            Turns: 2573, Time: 00:06:11

Health: -3/42      AC:  5    Str: 11    XL:     5   Next: 19%
Magic:  0/5        EV:  2    Int: 11    God:
Gold:   94         SH:  0    Dex: 17    Spells: 0 memorised, 4 levels left

rFire  . . .     SeeInvis .     g - +0 dagger (venom)
rCold  . . .     Clarity  .     n - +0 ring mail
rNeg   . . .     SustAt   .     (no shield)
rPois  .         Gourm    .     (helmet restricted)
rElec  .         Spirit   +     (no cloak)
rCorr  .         Warding  .     (no gloves)
rMut   .         Stasis   .     (no boots)
MR     .....                    (no amulet)
Stlth  ++........               (no ring)
                                (no ring)

@: paralysed, not resistant to hostile enchantments, unstealthy
A: horns 1, magic shield
a: no special abilities


You were on level 3 of the Dungeon.
You were not hungry.

You visited 1 branch of the dungeon, and saw 3 of its levels.

You collected 94 gold pieces.

Inventory:

Hand Weapons
 g - a +0 dagger of venom (weapon)
Armour
 a - a +0 robe
 j - a +0 naga barding
 n - a +0 ring mail (worn)
Jewellery
 c - an uncursed ring of see invisible {unknown}
Wands
 r - a wand of fireball (10)
Scrolls
 e - 2 scrolls of immolation {unknown}
 i - a scroll of enchant weapon {unknown}
 l - 2 scrolls of teleportation {unknown}
 m - a scroll of identify {unknown}
 o - 2 scrolls of magic mapping {unknown}
 p - a scroll of blinking {unknown}
Potions
 h - a potion of heal wounds
 k - a potion of curing
Comestibles
 b - a bread ration
 f - 2 beef jerkies
 q - 2 meat rations


   Skills:
 + Level 3.7 Fighting
 + Level 0.6 Short Blades
 + Level 0.6 Armour
 + Level 3.8 Dodging
 + Level 2.3 Stealth
 + Level 4.3 Unarmed Combat


You had 4 spell levels left.
You didn't know any spells.

Dungeon Overview and Level Annotations

Branches:
Dungeon (3/15)

Altars:
Okawaru
Qazlal
Xom
Zin

Annotations:
D:3 Grinder


Innate Abilities, Weirdness & Mutations

You have a pair of small horns on your head.
When hurt, damage is shared between your health and your magic reserves.


Message History

You hit Grinder but do no damage.
Grinder looks even sicker.
Grinder is lightly wounded.
Grinder says, "I used to sell toenails on the black market."
Grinder gestures at you.
You suddenly lose the ability to move!
Grinder hits you. x2
You writhe in agony.
Grinder hits you but does no damage. Grinder hits you!
You writhe in agony.
* * * LOW HITPOINT WARNING * * *
Grinder hits you.
* * * LOW HITPOINT WARNING * * *
You writhe in agony.
* * * LOW HITPOINT WARNING * * *
Grinder hits you.
* * * LOW HITPOINT WARNING * * *
You writhe in agony.
* * * LOW HITPOINT WARNING * * *
Grinder hits you.
You die...

####### #.....#
#.###.# ### #†# #@#
..# #.#...5#
..##########.#....#
..'.........>#....#
..##########.#....#
##.....#####.#....#
#)###.##<##.#....#
##.#..............#
..............##.#


You could see Grinder.

Vanquished Creatures
  Ijyb (D:2)
  Natasha (thrice) (D:2)
  Robin (D:2)
  2 adders (D:2)
  An ooze (D:3)
  A worm (D:2)
  2 giant geckos
  A giant cockroach (D:1)
  7 hobgoblins
  6 jackals
  4 kobolds
  A quokka (D:2)
  7 bats
  2 giant newts
  18 goblins
  5 rats
62 creatures vanquished.

Notes
Turn   | Place    | Note
--------------------------------------------------------------
     0 | D:1      | JustSomeDude the Demonspawn Monk began the quest for the Orb.
     0 | D:1      | Reached XP level 1. HP: 18/18 MP: 1/1
   493 | D:1      | Gained mutation: You have a pair of small horns on your head. [demonic ancestry]
   493 | D:1      | Reached XP level 2. HP: 24/24 MP: 2/2
   549 | D:1      | Reached skill level 4 in Unarmed Combat
  1028 | D:2      | Noticed Natasha
  1037 | D:2      | Reached XP level 3. HP: 16/29 MP: 3/3
  1166 | D:2      | Found a shimmering altar of Xom.
  1166 | D:2      | Found a glowing silver altar of Zin.
  1166 | D:2      | Noticed an angel
  1306 | D:2      | Noticed Robin
  1346 | D:2      | Killed Robin
  1350 | D:2      | Gained mutation: When hurt, damage is shared between your health and your magic reserves. [demonic ancestry]
  1350 | D:2      | Reached XP level 4. HP: 3/35 MP: 4/4
  1732 | D:2      | Found a stormy altar of Qazlal.
  1734 | D:2      | Noticed a water elemental
  1734 | D:2      | Noticed an earth elemental
  1735 | D:2      | Noticed a fire elemental
  1735 | D:2      | Noticed an air elemental
  1762 | D:2      | Killed Natasha
  1835 | D:2      | Noticed Natasha
  1843 | D:2      | Killed Natasha
  2047 | D:2      | Noticed Natasha
  2049 | D:2      | Killed Natasha
  2083 | D:2      | Noticed Ijyb
  2103 | D:2      | Killed Ijyb
  2103 | D:2      | Reached XP level 5. HP: 30/42 MP: 5/5
  2155 | D:2      | Found an iron altar of Okawaru.
  2562 | D:3      | Noticed Grinder
  2566 | D:3      | Paralysed by Grinder for 7 turns
  2572 | D:3      | HP: 2/42 [Grinder (6)]
  2573 | D:3      | Slain by Grinder

Action                   |  1- 3 |  4- 6 || total
-------------------------+-------+-------++-------
Melee: Dagger            |    92 |    75 ||   167
       Unarmed           |     9 |       ||     9
  Use: Potion            |       |     4 ||     4
 Stab: Sleeping          |     2 |     1 ||     3
  Eat: Bread ration      |       |     1 ||     1
       Beef jerky        |       |     1 ||     1
